Map: Ley Lines

Players

鯖鯖

  • Race: Protoss Protoss
  • League: Master
  • Spawn Location: 1:00

llllllllllll - Winner!

  • Race: Protoss Protoss
  • League: Diamond
  • Spawn Location: 7:00

VOD

Have the link to the VOD?

Description

Time

  • Played on: Oct. 16, 2025, 12:37 p.m.
  • Length: 4:54
Show
View Real Time Build Order
Export as new Build Order

鯖鯖 Protoss 

Build Orders: 1 Gate Expand, Mass Adepts 

Get SALT Encoding   

  12  0:00  Probe  
  13  0:12  Probe  
  14  0:19  Pylon  
  14  0:24  Probe  
  15  0:33  Probe  
  15  0:40  Gateway  
  15  0:41  Probe  
  17  0:50  Assimilator  
  17  0:58  Probe  
  18  1:11  Probe  
  19  1:23  Probe  
  20  1:26  Nexus  
  20  1:35  Cybernetics Core  
  20  1:38  Probe  
  21  1:43  Assimilator  
  21  1:51  Probe  
  21  1:53  Pylon  
  22  2:01  Adept  
  22  2:03  Probe  
  23  2:12  Warp Gate  
  23  2:15  Probe  
  26  2:18  Twilight Council  
  26  2:22  Adept  
  26  2:27  Probe  
  29  2:39  Probe x2  
  31  2:47  Robotics Facility  
  31  2:51  Probe  
  31  2:52  Adept  
  31  2:56  Resonating Glaives  
  34  3:01  Gateway  
  34  3:06  Gateway  
  34  3:22  Adept  
  34  3:24  Warp Prism  
  36  3:27  Gateway  
  37  3:40  Probe x2  
  40  3:43  Pylon  
  40  3:49  Pylon  
  40  4:00  Probe  
  41  4:03  Adept x3  
  47  4:10  Pylon  
  47  4:13  Probe  
  48  4:23  Adept x4  
  56  4:28  Probe x2  
  58  4:44  Adept x4  
Show
View Real Time Build Order
Export as new Build Order

llllllllllll Protoss - Winner!

Build Orders: 1 Gate Expand 

Get SALT Encoding   

  12  0:01  Probe  
  13  0:13  Probe  
  14  0:21  Pylon  
  14  0:25  Probe  
  15  0:39  Probe  
  16  0:46  Gateway  
  16  0:49  Probe  
  16  0:53  Assimilator  
  17  0:58  Probe  
  18  1:07  Probe  
  19  1:20  Probe  
  20  1:36  Cybernetics Core  
  20  1:39  Nexus  
  20  1:48  Probe  
  21  2:00  Probe  
  22  2:10  Gateway  
  22  2:16  Pylon  
  22  2:19  Assimilator  
  22  2:22  Warp Gate  
  22  2:25  Adept  
  24  2:39  Probe  
  25  2:47  Adept  
  25  2:51  Probe  
  25  2:55  Probe  
  29  2:59  Adept  
  31  3:08  Probe, Twilight Council  
  31  3:10  Probe  
  31  3:12  Robotics Facility  
  33  3:18  Twilight Council  
  33  3:20  Probe  
  33  3:22  Probe  
  35  3:32  Probe  
  36  3:35  Probe  
  37  3:44  Probe  
  37  3:45  Gateway  
  37  3:46  Gateway  
  37  3:47  Probe  
  39  3:57  Probe  
  39  3:58  Pylon  
  39  4:00  Probe  
  41  4:09  Probe  
  42  4:12  Probe  
  42  4:13  Adept  
  45  4:19  Pylon  
  45  4:20  Adept  
  49  4:30  Probe  
  49  4:31  Probe  
Tags
 
Add a new tag
Caveats
  • Supply blocks, unpowered buildings, or Contaminate may cause inaccurate times.
  • Supply counts are checked every 10 seconds.